 Dungeon Crawl Stone Soup version 0.29.1-1-gd02db6906a (webtiles) character file.

Game seed: 6755823140255194280

4 Icepheonix32 the Insei (level 1, -2/15 HPs)
             Began as a Merfolk Transmuter on Oct 5, 2022.
             Slain by a kobold
             ... wielding a +0 whip
              (5 damage)
             ... on level 1 of the Dungeon.
             The game lasted 00:00:15 (99 turns).

Icepheonix32 the Insei (Merfolk Transmuter)           Turns: 99, Time: 00:00:15

Health: -2/15      AC:  2    Str: 10    XL:     1   Next: 60%
Magic:  3/3        EV: 13    Int: 12    God:
Gold:   31         SH:  0    Dex: 14    Spells: 3/4 levels left

rFire   . . .      SeeInvis .     - Unarmed
rCold   . . .      Faith    .   (no shield)
rNeg    . . .      Spirit   .   a - +0 robe
rPois   .          Reflect  .   (helmet currently unavailable)
rElec   .          Harm     .   (no cloak)
rCorr   .          Rampage  .   (no gloves)
Will    .....                   (boots currently unavailable)
Stlth   +.........              (no amulet)
HPRegen 0.05/turn               (no ring)
MPRegen 0.08/turn               (no ring)

@: appendages (expiring)
A: horns 2, (nimble swimmer 2), mertail
a: End Transformation


You were on level 1 of the Dungeon.
You had temporarily grown beastly horns.
You visited 1 branch of the dungeon, and saw 1 of its levels.

You collected 31 gold pieces.

Inventory:

Armour
 a - a +0 robe (worn)
Scrolls
 c - a scroll of identify {unknown}
 d - a scroll of enchant armour {unknown}
Potions
 b - a potion of lignification


   Skills:
 + Level 1.1 Fighting
 + Level 2.9 Dodging
 + Level 3.3 Unarmed Combat
 + Level 2.0 Spellcasting
 * Level 2.8 Transmutations


You had 3 spell levels left.
You knew the following spells:

 Your Spells              Type           Power      Damage    Failure   Level
a - Beastly Appendage     Tmut           14%        N/A       9%          1

Your spell library contained the following spells:

 Spells                   Type           Power      Damage    Failure   Level
 Wereblood                Tmut           7%         N/A       13%         2
 Spider Form              Tmut/Pois      4%         N/A       43%         3
 Ice Form                 Ice/Tmut       4%         N/A       83%         4


Dungeon Overview and Level Annotations

Branches:
Dungeon (1/15)

Altars:


Innate Abilities, Weirdness & Mutations

You have temporarily grown beastly horns.
((You are very nimble when in or above water. (Stealth+, EV+, Speed+++)))
Your lower body shifts to a powerful aquatic tail in water.


Message History

A goblin comes into view. It is wielding a +0 club.
There are monsters nearby!
The kobold shouts!
You barely miss the goblin. The goblin hits you with a +0 club.
The kobold completely misses you.
You closely miss the goblin. The goblin closely misses you.
The kobold hits you with a +0 whip.
You hit the goblin.
The goblin is moderately wounded.
The kobold misses you. The goblin closely misses you.
The kobold hits you but does no damage.
You hit the goblin. Your headbutt misses the goblin.
The goblin is heavily wounded.
An endoplasm comes into view.
The kobold barely misses you. The goblin hits you with a +0 club.
The kobold closely misses you.
You are too injured to fight recklessly!
You are too injured to fight recklessly!
You are too injured to fight recklessly!
Unknown command.
Your transformation is almost over.
The kobold attacks as you move away! The kobold barely misses you.
The kobold attacks as you move away! The kobold completely misses you.
The goblin attacks as you move away! The goblin hits you but does no damage.
The kobold attacks as you move away! The kobold hits you but does no damage.
The goblin closely misses you.
You see here a giant cockroach corpse.
You closely miss the kobold.
The endoplasm quivers.
You hit the goblin but do no damage.
The goblin is moderately wounded.
The kobold hits you with a +0 whip.
* * * LOW HITPOINT WARNING * * *
The goblin barely misses you.
You hit the goblin.
You kill the goblin!
The kobold barely misses you.
Unknown command.
The kobold attacks as you move away! The kobold hits you with a +0 whip.
You die...

.### ...# ###...# ###
#.+...# ..#
##.#...#### ####.#
#....[..... #.#..#.#
#..........
......###..........
#.###...@K..J.......
#......>K##.........
######.####...:.....
#..# #.........
#######.############
...................♣
.8...........8..8..♣
÷.............÷÷...♣
.................(.♣♣


You could see an endoplasm and 2 kobolds.

Vanquished Creatures
  A giant cockroach (D:1)
  A goblin (D:1)
  A quokka (D:1)
3 creatures vanquished.

Notes
Turn   | Place    | Note
-------+----------+-------------------------------------------
     0 | D:1      | Icepheonix32 the Merfolk Transmuter began the quest for the
                  | Orb.
     0 | D:1      | Reached XP level 1. HP: 15/15 MP: 3/3
    99 | D:1      | Slain by a kobold

Illustrated notes

Levels and vault maps discovered:
D:1:      giann_forest_graveyard, layout_basic

Action                   || total
-------------------------++-------
Melee: Unarmed           ||    10
       Punch             ||     1
 Cast: Beastly Appendage ||     3
Armor: Robe              ||     3
Dodge: Dodged            ||    13
